 Dungeon Crawl Stone Soup version 0.16.2-12-gd0ad4c3 (webtiles) character file.

49 faibistes the Cudgeler (level 3, 0/37 HPs)
             Began as an Ogre Warper on Dec 7, 2017.
             Succumbed to an adder's poison
             ... on level 1 of the Dungeon.
             The game lasted 00:02:48 (1166 turns).

faibistes the Cudgeler (Ogre Warper)                Turns: 1166, Time: 00:02:49

Health: 0/37       AC:  3    Str: 16    XL:     3   Next: 75%
Magic:  2/6        EV: 10    Int: 13    God:
Gold:   15         SH:  0    Dex:  9    Spells: 3 memorised, 2 levels left

rFire  + . .     SeeInvis .     a - +0 mace
rCold  . . .     Clarity  .     b - +0 robe
rNeg   + . .     SustAb   .     (shield restricted)
rPois  .         Gourm    .     (helmet restricted)
rElec  .         Spirit   .     (no cloak)
rCorr  .         Warding  .     (gloves unavailable)
rMut   .         Stasis   .     (boots unavailable)
MR     .....                    (no amulet)
Stlth  +.........               (no ring)
                                i - ring of positive energy

@: lethally poisoned (0 -> -1), very slightly contaminated, not resistant to
hostile enchantments, very unstealthy
A: unfitting armour, fire resistance 1, tough skin 1
a: no special abilities


You were on level 1 of the Dungeon.
You were not hungry.

You visited 1 branch of the dungeon, and saw 3 of its levels.

You collected 15 gold pieces.

Inventory:

Hand weapons
 a - a +0 mace (weapon)
Missiles
 e - 2 tomahawks of dispersal (quivered)
 l - 47 stones
Armour
 b - a +0 robe (worn)
Jewellery
 i - a ring of positive energy (left hand)
Magical devices
 m - a wand of frost (30)
Scrolls
 d - a scroll of blinking
 g - a scroll of identify {unknown}
 j - a scroll of remove curse {unknown}
 n - a scroll of teleportation {unknown}
Books
 c - a book of Spatial Translocations

   Spells                             Type                      Level
   a - Apportation                    Translocation                1
   b - Blink                          Translocation                2
   c - Shroud of Golubria             Charms/Translocation         2
   d - Portal Projectile              Translocation                3
   e - Teleport Other                 Translocation                3
   f - Passage of Golubria            Translocation                4
Comestibles
 f - a meat ration
 h - 2 bread rations


   Skills:
 + Level 3.1 Fighting
 * Level 3.4 Maces & Flails
 * Level 2.1 Throwing
 + Level 1.0 Armour
 - Level 1.7 Dodging
 * Level 2.7 Spellcasting
 * Level 2.4 Translocations
 * Level 0.1 Evocations


You had 2 spell levels left.
You knew the following spells:

 Your Spells              Type           Power        Failure   Level  Hunger
a - Apportation           Tloc           #.........   10%         1    #......
c - Shroud of Golubria    Chrm/Tloc      #.........   24%         2    ###....
d - Blink                 Tloc           N/A          14%         2    ###....


Dungeon Overview and Level Annotations

Branches:
Dungeon (3/15)

Altars:


Innate Abilities, Weirdness & Mutations

You are too large for most types of armour.
You have tough skin (AC +1).
Your flesh is heat resistant.


Message History

The adder bites you but does no damage. The adder barely misses you.
You hit the adder.
You kill the adder!
* * * LOW HITPOINT WARNING * * *
You feel sick.
You see here an adder corpse.
You butcher the adder corpse.
Things that are here:
a chunk of flesh; an adder skeleton
There is a lethal amount of poison in your body!
You aren't carrying any potions.
Unknown command.
Things that are here:
a chunk of flesh; an adder skeleton
There is a lethal amount of poison in your body!
There is a lethal amount of poison in your body!
There is a lethal amount of poison in your body!
* * * LOW HITPOINT WARNING * * *
You feel sick.
You die...

.## ##.#.##
###..######## ##
##.## #....# ##
#########...##....#
..............#
#####..#)######.#
#...........#
#######.#.)########
#>........>#
#.....@.####
.....(.....#
#######...# #####


There were no monsters in sight!

Vanquished Creatures
  4 adders
  A giant cockroach (D:1)
  2 goblins
  2 hobgoblins
  3 kobolds
  A giant newt (D:2)
  2 rats
15 creatures vanquished.

Notes
Turn   | Place    | Note
--------------------------------------------------------------
     0 | D:1      | faibistes, the Ogre Warper, began the quest for the Orb.
     0 | D:1      | Reached XP level 1. HP: 22/22 MP: 3/3
    63 | D:1      | Reached skill level 3 in Maces & Flails
    63 | D:1      | Reached XP level 2. HP: 18/29 MP: 5/5
    70 | D:1      | Learned a level 2 spell: Blink
    73 | D:1      | Learned a level 2 spell: Shroud of Golubria
   502 | D:2      | Reached skill level 1 in Armour
   502 | D:2      | Reached XP level 3. HP: 9/37 MP: 6/6
  1152 | D:1      | Gained mutation: Your flesh is heat resistant. [potion of beneficial mutation]
  1158 | D:1      | HP: 1/37 [poisoned by an adder]
  1166 | D:1      | Succumbed to an adder's poison

Action                   || total
-------------------------++-------
Melee: Mace              ||    66
Throw: Tomahawk          ||     3
 Cast: Shroud of Golubri ||     2
       Blink             ||     1
  Use: Potion            ||     1
  Eat: Chunk             ||     1
